 Dungeon Crawl Stone Soup version 0.27.1-15-g792fb953b9 (webtiles) character file.

Game seed: 14583789684920456272

390795 raph the Eclecticist (level 22, 0/201 HPs)
             Began as a Deep Dwarf Necromancer on Nov 17, 2021.
             Was a High Priest of Makhleb.
             Succumbed to a green very ugly thing's poison
             ... on level 1 of the Depths on Nov 19, 2021.
             The game lasted 04:13:25 (115686 turns).

raph the Eclecticist (Deep Dwarf Necromancer)     Turns: 115686, Time: 04:13:26

Health: 0/201      AC: 33    Str: 21    XL:     22   Next: 9%
Magic:  40/40      EV: 19    Int: 23    God:    Makhleb [*****.]
Gold:   2078       SH:  9    Dex: 15    Spells: 4/51 levels left

rFire    + + +     SeeInvis +   a - +8 demon blade of Bodily Humours {freeze, Int+4}
rCold    . . .     Faith    .   d - +3 warlock's mirror {reflect}
rNeg     + + +     Spirit   .   L - +5 acid dragon scales
rPois    .         Reflect  +   z - +0 mask of the Dragon {Will+ Slay+3 SInv}
rElec    .         Harm     .   D - +2 cloak
rCorr    +         Rampage  .   T - +2 pair of gloves
Will     ++++.                  W - +2 pair of boots
Stlth    +++.......             B - amulet of the Barnacle {Acrobat +Inv rF+}
HPRegen  0.00/turn              e - +4 ring of protection
MPRegen  0.27/turn              P - ring of Ziycum {rF++ rN++ Str+6 Int-2}

@: lethally poisoned (0 -> -57), studying Stealth
A: damage resistance, heal wounds, negative energy resistance 1, sense
surroundings 3, no regeneration, iridescent scales 2, subdued magic 1
}: 2/15 runes: decaying, gossamer
a: Heal Wounds, Renounce Religion, Evoke Invisibility, Minor Destruction, Lesser
Servant of Makhleb, Major Destruction, Greater Servant of Makhleb


You were on level 1 of the Depths.
You worshipped Makhleb.
Makhleb was extremely pleased with you.
You visited 9 branches of the dungeon, and saw 41 of its levels.
You also visited: Sewer.

You collected 5069 gold pieces.
You spent 2991 gold pieces at shops.

Inventory:

Hand Weapons
 a - the +8 demon blade of Bodily Humours (weapon) {freeze, Int+4}
   (You acquired it on level 4 of the Dungeon)

   It freezes those it strikes, dealing additional cold damage.
   It can also slow down cold-blooded creatures.
   Int:       It affects your intelligence (+4).
 b - the +8 falchion of Hacking and Slashing {vamp, rC+}
   (You bought it in a shop on level 1 of the Elven Halls)

   It occasionally heals its wielder for a portion of the damage dealt when it
   wounds a living foe.
   rC:        It protects you from cold.
 r - a +0 double sword of electrocution
 v - a +6 scimitar of flaming
Missiles
 u - 8 throwing nets
Armour
 d - the +3 warlock's mirror (worn) {reflect}
   (You acquired it on level 4 of the Dungeon)

   It can block and reflect piercing ranged attacks and magical attacks against
   the wielder's willpower.
 i - a +2 helmet of see invisible
 z - the +0 mask of the Dragon (worn) {Will+ Slay+3 SInv}
   (You found it on level 3 of the Lair of Beasts)

   Slay:      It affects your accuracy & damage with ranged weapons and melee
   (+3).
   SInv:      It lets you see invisible.
   Will:      It increases your willpower.
 D - a +2 cloak (worn)
 E - +0 fire dragon scales
 L - +5 acid dragon scales (worn)
 O - +0 ice dragon scales
 T - a +2 pair of gloves (worn)
 W - a +2 pair of boots (worn)
Magical Staves
 w - a staff of earth
 x - a staff of death
Jewellery
 e - a +4 ring of protection (left hand)
 s - a ring of magical power
 B - the amulet of the Barnacle (around neck) {Acrobat +Inv rF+}
   (You acquired it on level 1 of the Depths)

   [amulet of the acrobat]

   It increases your evasion while moving and waiting.
   rF:        It protects you from fire.
   +Inv:      It lets you turn invisible.
 P - the ring of Ziycum (right hand) {rF++ rN++ Str+6 Int-2}
   (You bought it in a shop on level 2 of the Orcish Mines)

   [ring of strength]

   Str:       It affects your strength (+6).
   Int:       It affects your intelligence (-2).
   rF:        It greatly protects you from fire.
   rN:        It greatly protects you from negative energy.
Wands
 F - a wand of digging (16)
 J - a wand of flame (154)
 K - a wand of acid (33)
 M - a wand of iceblast (73)
 Y - a wand of paralysis (34)
Scrolls
 g - 8 scrolls of magic mapping
 k - 8 scrolls of teleportation
 p - 2 scrolls of blinking
 q - 9 scrolls of fear
 t - a scroll of enchant weapon
 A - 4 scrolls of fog
 N - 6 scrolls of amnesia
 S - 17 scrolls of identify
 X - 3 scrolls of summoning
 Z - a scroll of silence
Potions
 c - 3 potions of resistance
 f - 14 potions of curing
 h - 2 potions of invisibility
 j - 5 potions of magic
 l - 9 potions of flight
 m - 9 potions of haste
 n - 6 potions of might
 o - 2 potions of berserk rage
 C - 7 potions of heal wounds
 I - 5 potions of brilliance
 Q - 4 potions of mutation
Miscellaneous
 y - a condenser vane
 G - a phantom mirror
 H - a tin of tremorstones (2/2)
 U - a phial of floods
 V - a lightning rod (4/4)


   Skills:
 * Level 12.9 Fighting
 - Level 14.0 Long Blades
 + Level 13.6 Armour
 + Level 14.0 Dodging
 + Level 7.8 Stealth
 + Level 7.7 Shields
 + Level 15.3 Spellcasting
 - Level 8.0 Conjurations
 - Level 11.9 Necromancy
 + Level 10.0 Translocations
 - Level 5.0 Fire Magic
 - Level 6.0 Ice Magic
 + Level 15.0 Earth Magic
 - Level 2.2 Poison Magic
 - Level 14.1 Invocations
 + Level 6.3 Evocations


You had 4 spell levels left.
You knew the following spells:

 Your Spells              Type           Power      Damage    Failure   Level
a - Pain                  Necr           100%       1d9       0%          1
b - Passwall              Tmut/Erth      33%        N/A       1%          2
c - Vampiric Draining     Necr           27%        2d9       1%          3
d - Animate Dead          Necr           27%        N/A       1%          4
e - Mephitic Cloud        Conj/Pois/Air  25%        N/A       1%          3
f - Bolt of Magma         Conj/Fire/Erth 23%        4d11      1%          5
g - Manifold Assault      Tloc           49%        N/A       1%          5
h - Borgnjor's Vile Clut  Necr/Erth      28%        N/A       1%          5
i - Blink                 Tloc           N/A        N/A       1%          2
j - Apportation           Tloc           98%        N/A       1%          1
k - Iskenderun's Mystic   Conj/Tloc      45%        2d10      1%          4
l - Iron Shot             Conj/Erth      26%        9d6       4%          6
m - Death Channel         Necr           27%        N/A       3%          6

Your spell library contained the following spells:

 Spells                   Type           Power      Damage    Failure   Level
 Animate Skeleton         Necr           100%       N/A       0%          1
 Sandblast                Erth           100%       2d20      0%          1
 Freeze                   Ice            100%       1d11      1%          1
 Magic Dart               Conj           100%       1d8       1%          1
 Sting                    Tmut/Pois      68%        1d6       1%          1
 Ensorcelled Hibernation  Hex/Ice        48%        N/A       1%          2
 Searing Ray              Conj           82%        3d6       1%          2
 Dazzling Flash           Conj/Hex       54%        N/A       1%          3
 Frozen Ramparts          Ice            68%        1d8       1%          3
 Gell's Gravitas          Tloc           24%        N/A       1%          3
 Lesser Beckoning         Tloc           24%        N/A       1%          3
 Ozocubu's Armour         Ice            34%        N/A       1%          3
 Portal Projectile        Hex/Tloc       62%        N/A       1%          3
 Stone Arrow              Conj/Erth      100%       3d13      1%          3
 Teleport Other           Tloc           49%        N/A       1%          3
 Animate Armour           Summ/Erth      80%        N/A       1%          4
 Hailstorm                Conj/Ice       38%        3d9       1%          4
 Leda's Liquefaction      Hex/Erth       20%        N/A       1%          4
 Passage of Golubria      Tloc           N/A        N/A       1%          4
 Petrify                  Tmut/Erth      40%        N/A       1%          4
 Poisonous Vapours        Pois/Air       34%        N/A       2%          2
 Call Imp                 Summ           13%        N/A       4%          2
 Spider Form              Tmut/Pois      8%         N/A       6%          3
 Fulminant Prism          Conj/Hex       13%        3d9       6%          4
 Ice Form                 Ice/Tmut       24%        N/A       9%          4
 Swiftness                Air            13%        N/A       10%         3
 Tukima's Dance           Hex            13%        N/A       10%         3
 Olgreb's Toxic Radiance  Pois           21%        N/A       13%         4
 Airstrike                Air            6%         N/A       32%         4
 Summon Lightning Spire   Summ/Air       13%        N/A       32%         4
 Agony                    Necr           54%        N/A       1%          5
 Excruciating Wounds      Necr           27%        N/A       1%          5
 Lee's Rapid Deconstruct  Erth           30%        3d17*     1%          5
 Iskenderun's Battlesphe  Conj           41%        2d9       3%          5
 Fireball                 Conj/Fire      18%        3d9       6%          5
 Dispersal                Tloc           24%        N/A       8%          6
 Summon Forest            Summ/Tloc      15%        N/A       12%         5
 Simulacrum               Ice/Necr       22%        N/A       12%         6
 Freezing Cloud           Conj/Ice/Air   15%        6-21      13%         5
 Irradiate                Conj/Tmut      13%        3d17      17%         5
 Lightning Bolt           Conj/Air       13%        1d27      17%         5
 Statue Form              Tmut/Erth      26%        N/A       22%         6
 Metabolic Englaciation   Hex/Ice        12%        N/A       26%         5
 Starburst                Conj/Fire      18%        6d7       34%         6
 Alistair's Intoxication  Tmut/Pois      11%        N/A       52%         5
 Blade Hands              Tmut           6%         N/A       69%         5
 Silence                  Hex/Air        6%         N/A       69%         5
 Yara's Violent Unravell  Hex/Tmut       6%         3d5       69%         5
 Conjure Ball Lightning   Conj/Air       13%        3x3d6     71%         6
 Orb of Destruction       Conj           20%        9d9       73%         7
 Borgnjor's Revivificati  Necr           27%        N/A       86%         8
 Infestation              Necr           27%        N/A       86%         8
 Lehudib's Crystal Spear  Conj/Erth      26%        10d7      90%         8
 Haunt                    Necr/Summ      17%        N/A       95%         7
 Malign Gateway           Summ/Tloc      15%        N/A       98%         7
 Invisibility             Hex            6%         N/A       99%         6
 Shadow Creatures         Summ           N/A        N/A       99%         6
 Dragon Form              Tmut           6%         N/A       100%        7
 Storm Form               Tmut/Air       6%         N/A       100%        7
 Ignition                 Fire           15%        3d6       100%        8
 Maxwell's Capacitive Co  Air            6%         ∞         100%        8
 Necromutation            Tmut/Necr      17%        N/A       100%        8
 Summon Horrible Things   Summ           6%         N/A       100%        8
 Death's Door             Necr           27%        N/A       100%        9
 Polar Vortex             Ice            17%        N/A       100%        9


Dungeon Overview and Level Annotations

Branches:
Dungeon (15/15)            Temple (1/1) D:4            Lair (6/6) D:8
  Swamp (4/4) Lair:2       Spider (4/4) Lair:3        Slime (0/5) Lair:6
    Orc (2/2) D:11            Elf (3/3) Orc:2        Vaults (4/5) D:14
  Crypt (0/3) Vaults:2     Depths (2/5) D:15          Sewer (visited)

Altars:
Ashenzari
Cheibriados
Dithmenos
Elyvilon
Fedhas
Gozag
Hepliaklqana
Kikubaaqudgha
Makhleb
Nemelex Xobeh
Okawaru
Qazlal
Ru
Sif Muna
Trog
Uskayaw
Vehumet
Wu Jian
Xom
Yredelemnul
Zin
The Shining One
Beogh
Jiyva

Shops:
D:9 ?   Orc:1 (   Orc:2 =[*(   Elf:1 ((

Portals:
Hell: Depths:1
Abyss: Depths:1

Annotations:
D:9 2 runed translucent doors, exclusion: orange crystal statue
Vaults:2 Bai Suzhen, Boris
Vaults:3 exclusion: upstairs


Innate Abilities, Weirdness & Mutations

You are resistant to damage.
You can heal yourself by infusing magical energy.
You resist negative energy. (rN+)
You passively map a large area around you.
You do not regenerate.
You are mostly covered in iridescent scales. (AC +4)
Your spells are a little easier to cast, but a little less powerful.


Message History

Confirm with . or Enter, or press ? or * to list all spells.
Aiming: Vampiric Draining (safe; 1% risk of failure)
Press: ? - help, Shift-Dir - straight line, f/p - spriggan rider
Aim: a spriggan rider, wielding a +3 war axe of electrocution and wearing a +0 buckler (almost dead)
You draw life force from the spriggan rider!
You kill the spriggan rider!
Makhleb accepts your kill.
You kill the hornet!
Makhleb accepts your kill.
You feel better.
You feel life coursing into your body.
You start resting.
Magic restored.
You start waiting.
Done waiting.
You feel the dreadful sensation subside.
You feel clever.
The +8 demon blade of Bodily Humours {freeze, Int+4} glows with a cold blue light!
a - the +8 demon blade of Bodily Humours (weapon)
{freeze, Int+4} You climb downwards.
You block the ettin's attack. The ettin misses you.
The green very ugly thing tentacle-slaps you!
* * * LOW HITPOINT WARNING * * *
You are lethally poisoned!
The green very ugly thing poisons you!
The cyan ugly thing gores you but does no damage.
The iron troll closely misses you.
You riposte.
You barely miss the iron troll. The iron troll barely misses you.
The iron troll claws you but does no damage.
You block the ettin's attack. The ettin barely misses you.
There is a stone staircase leading up, spattered with blood here.
* * * LOW HITPOINT WARNING * * *
You feel extremely sick.
The green very ugly thing tentacle-slaps you!
* * * LOW HITPOINT WARNING * * *
The cyan ugly thing gores you but does no damage.
You block the iron troll's attack. The iron troll closely misses you.
The iron troll barely misses you.
The spriggan berserker closely misses you.
The ettin closely misses you. The ettin completely misses you.
You climb upwards.
You die...

##÷.## ##.........≈≈≈≈≈≈≈≈≈...
##..# #.........≈#######≈...
##### ##.........≈#..))[#≈... .##
### ##..........≈#..)..#≈..#
..####.###...........≈#.....#≈.##
####...##...........)≈#.....#≈.##
#..(..............[###'###≈.##
####...........uu....('.....#≈...
...#............@C)...(.....#≈...
.†.#............T##..≈###'###≈...
...#.............##..≈#....)#≈..#
####............####.≈#.....#≈..#
...............## #.≈#.....#≈..#
..............## #.≈#[...[#≈..#
...............# #.≈#######≈..#
.........####..# #.≈≈≈≈≈≈≈≈≈..#
.##..##..####..# #.....^......#


You could see a green very ugly thing, an iron troll, a cyan ugly thing and an
ettin.

Vanquished Creatures
  Saint Roka (Vaults:1)
  3 caustic shrikes (Depths:1)
  Arachne (Spider:3)
  2 liches
  2 tentacled monstrosities
  Rupert (D:14)
  A deep elf blademaster (Elf:3)
  3 deep elf master archers (Elf:3)
  A titan (Vaults:3)
  Gastronok (Lair:2)
  6 sphinxes
  Roxanne (Elf:2)
  Donald (Elf:3)
  A thorn hunter (Swamp:4)
  A fire giant (Vaults:3)
  11 vault wardens
  2 emperor scorpions (Spider:4)
  2 deep elf sorcerers (Elf:3)
  An orc warlord (Vaults:1)
  5 ghost moths
  3 spectral caustic shrikes (Depths:1)
  7 deep elf elementalists (Elf:3)
  The ghost of benappo the Thaumaturge, a journeyman DjEE of Gozag (Lair:3)
  A war gargoyle (Vaults:4)
  17 ironbound preservers
  21 very ugly things
  6 stone giants
  A vampire knight (Depths:1)
  6 dire elephants
  8 entropy weavers
  3 bunyips
  4 deep elf demonologists (Elf:3)
  Azrael (Orc:2)
  8 deep elf annihilators (Elf:3)
  A crystal guardian (Vaults:4)
  6 ettins
  3 spark wasps
  6 deep elf death magi (Elf:3)
  4 eleionomae
  5 fire dragons
  Josephine (D:14)
  3 deep elf high priests (Elf:3)
  9 yaktaur captains
  4 great orbs of eyes
  A shambling mangrove (Swamp:1)
  Fannar (Orc:1)
  5 ironbound thunderhulks
  2 ice dragons (Depths:1)
  3 rakshasas
  26 hydras
  3 vault guards (Vaults:3)
  A peacekeeper (Vaults:4)
  5 centaur warriors
  5 boulder beetles
  2 spriggan air magi
  2 death knights
  An ironbound frostheart (Vaults:3)
  7 alligators
  6 two-headed ogres
  17 dancing weapons
  3 tengu warriors
  5 deep troll earth magi
  6 ironbound beastmasters
  7 hell knights (Depths:1)
  13 deep elf knights
  3 orc high priests
  An iron troll (Depths:1)
  A skeletal warrior (D:12)
  39 deep trolls
  3 spriggan druids
  4 goliath frogs
  2 flayed ghosts
  2 glowing orange brains
  10 swamp dragons
  2 bog bodies
  8 wizards
  The ghost of diceflayer the Blocker, a novice MiFi of Okawaru (D:7)
  12 ironbound convokers
  10 lindwurms
  Pikel (D:8)
  17 deep elf pyromancers
  16 deep elf zephyrmancers
  14 deep elf archers
  24 wolf spiders
  4 harpies (Vaults:2)
  7 orc knights
  A shadow dragon skeleton (Vaults:4)
  2 phantasmal warriors
  2 necromancers
  A shining eye (shapeshifter) (D:14)
  A stone giant zombie (Depths:1)
  An orb spider (shapeshifter) (D:13)
  16 cyclopes
  An orc sorcerer (Depths:1)
  31 ugly things
  10 orb spiders
  A cyclops (shapeshifter) (Elf:2)
  2 manticores
  4 will-o-the-wisps
  A centaur zombie (D:15)
  4 moths of wrath
  16 vault sentinels
  An elf zombie (Vaults:4)
  An elephant (Lair:3)
  A fire giant skeleton (Vaults:4)
  3 naga magi (D:15)
  2 black mambas
  16 cane toads
  4 rime drakes
  Psyche (D:8)
  4 torpor snails
  2 kobold demonologists (D:14)
  2 unseen horrors
  4 gargoyles
  39 yaktaurs
  Maggie (D:8)
  3 tengu conjurers
  13 komodo dragons
  12 demonic crawlers
  2 freezing wraiths
  A yaktaur skeleton (Vaults:4)
  A polar bear (Lair:3)
  6 trolls
  25 jumping spiders
  3 bloated husks
  14 tyrant leeches
  11 hornets
  A wolf spider simulacrum (D:14)
  10 slime creatures
  A wind drake (shapeshifter) (D:14)
  29 blink frogs
  54 redbacks
  Sigmund (D:2)
  2 air elementals (Elf:2)
  40 yaks
  6 wyverns
  11 wraiths
  8 spriggans
  22 tarantellas
  2 vampires
  4 fire elementals
  A basilisk (shapeshifter) (D:14)
  3 basilisks
  2 death yak simulacra (Lair:3)
  5 water elementals
  2 steam dragons (D:8)
  19 vampire mosquitoes
  17 swamp worms
  7 wargs
  2 acid dragons
  4 hell hounds
  2 spectral cane toads (Lair:3)
  A spectral torpor snail (Lair:3)
  15 water moccasins
  24 orc warriors
  8 swamp drakes
  A sky beast (D:5)
  A human zombie (Vaults:4)
  3 black bears
  A necrophage (D:6)
  A deep troll simulacrum (Depths:1)
  An ice beast (D:7)
  4 boggarts (Vaults:1)
  8 ogres
  12 wolves
  13 centaurs
  4 lemures
  7 kobold brigands
  A phantom (D:5)
  14 bullfrogs
  2 wyvern zombies
  An earth elemental (Elf:2)
  8 scorpions
  8 killer bees
  4 wights
  3 electric eels
  4 howler monkeys
  A crimson imp (D:10)
  A bullfrog zombie (D:6)
  3 jellies
  A komodo dragon simulacrum (Lair:3)
  2 hounds
  24 orc priests
  A gnoll shaman (D:4)
  3 iguanas
  5 centaur skeletons
  Jessica (D:3)
  24 orc wizards
  3 killer bee zombies
  A hound skeleton (D:5)
  9 gnolls
  9 adders
  3 river rats (D:4)
  A white imp (D:5)
  An ufetubus (D:6)
  An adder skeleton (D:4)
  2 worms
  3 dart slugs
  85 orcs
  6 bats
  8 endoplasms
  5 giant cockroaches
  9 hobgoblins
  10 jackals
  6 quokkas
  8 ball pythons
  10 frilled lizards
  12 goblins
  A kobold (shapeshifter) (Depths:1)
  13 kobolds
  3 rats
  A bush (Lair:6)
1424 creatures vanquished.

Vanquished Creatures (collateral kills)
  Jorgrun (Elf:2)
  A thorn hunter (Swamp:3)
  A deep elf sorcerer (Elf:3)
  A very ugly thing (Vaults:1)
  2 ironbound preservers
  2 deep elf elementalists (Elf:3)
  A spark wasp (Spider:4)
  Snorg (Lair:4)
  A deep elf high priest (Elf:3)
  An ironbound thunderhulk (Vaults:3)
  A centaur warrior (D:15)
  A hydra (Lair:3)
  8 dancing weapons (Elf:2)
  An ironbound beastmaster (Vaults:2)
  Urug (Lair:2)
  3 deep elf knights (Elf:2)
  A deep troll (Vaults:2)
  A swamp dragon (Swamp:4)
  3 ugly things
  An orc knight (D:10)
  A deep elf pyromancer (Elf:2)
  3 deep elf zephyrmancers
  7 wolf spiders
  A necromancer (Depths:1)
  2 orb spiders
  A cyclops (D:15)
  A spriggan skeleton (Depths:1)
  A yaktaur (Vaults:2)
  A demonic crawler (Spider:4)
  6 jumping spiders
  A slime creature (Vaults:2)
  A hornet (Spider:4)
  5 redbacks
  2 yaks
  A swamp drake (Swamp:4)
  A bullfrog (Lair:2)
  An orc priest (Vaults:1)
  2 orcs (Vaults:1)
  A goblin (D:1)
72 creatures vanquished.

Vanquished Creatures (others)
  A deep elf sorcerer (Elf:3)
  A deep elf high priest (Elf:3)
  An unseen horror (D:13)
  4 bloated husks (Swamp:3)
  A bush (Lair:3)
  10 foxfires
  70 fungi
  149 plants
237 creatures vanquished.

Grand Total: 1733 creatures vanquished

Notes
Turn   | Place    | Note
-------+----------+-------------------------------------------
     0 | D:1      | raph the Deep Dwarf Necromancer began the quest for the
                  | Orb.
     0 | D:1      | Reached XP level 1. HP: 15/15 MP: 3/3
   220 | D:1      | Learned a level 1 spell: Animate Skeleton
   435 | D:2      | Reached XP level 2. HP: 10/22 MP: 0/4
  1015 | D:1      | Reached XP level 3. HP: 12/30 MP: 2/6
  1019 | D:1      | Learned a level 3 spell: Vampiric Draining
  2714 | D:2      | Reached skill level 5 in Necromancy
  2728 | D:2      | Reached skill level 1 in Fighting
  2808 | D:2      | Noticed Sigmund
  3088 | D:2      | Found a faded altar of an unknown god.
  3757 | D:3      | Found a shimmering blue altar of Sif Muna.
  3859 | D:3      | Reached XP level 4. HP: 38/38 MP: 3/7
  4635 | D:3      | Noticed an ogre
  4673 | D:3      | Killed an ogre
  4674 | D:3      | Reached XP level 5. HP: 43/44 MP: 0/8
  4788 | D:3      | Noticed Jessica
  4795 | D:3      | Killed Jessica
  4982 | D:4      | Identified a scroll of acquirement
  4982 | D:4      | Acquired the +3 warlock's mirror {reflect}
  4982 | D:4      | Found the +3 warlock's mirror {reflect}
  5229 | D:4      | Found a glowing drain.
  5250 | Sewer    | Entered a sewer
  5537 | Sewer    | Learned a level 4 spell: Animate Dead
  5958 | Sewer    | Reached skill level 1 in Shields
  6151 | Sewer    | Reached XP level 6. HP: 43/52 MP: 9/9
  7231 | D:4      | Found a snail-covered altar of Cheibriados.
  7408 | D:4      | Found a staircase to the Ecumenical Temple.
  7416 | Temple   | Entered the Ecumenical Temple
  7497 | Temple   | Became a worshipper of Makhleb the Destroyer
  8069 | D:4      | Acquired the +8 demon blade of Bodily Humours {freeze,
                  | Int+4}
  9504 | D:4      | Reached XP level 7. HP: 58/58 MP: 6/10
  9612 | D:4      | Reached * piety under Makhleb
  9636 | D:5      | Entered Level 5 of the Dungeon
 11268 | D:5      | Reached XP level 8. HP: 55/66 MP: 1/11
 12468 | D:2      | Killed Sigmund
 12469 | D:2      | Reached skill level 1 in Long Blades
 12469 | D:2      | Reached skill level 1 in Invocations
 12877 | D:6      | Reached skill level 1 in Armour
 13997 | D:6      | Learned a level 3 spell: Mephitic Cloud
 15563 | D:7      | Noticed diceflayer's ghost (novice MiFi)
 15570 | D:7      | Found a transporter.
 15575 | D:7      | Found a transporter.
 16229 | D:7      | Found a glowing silver altar of Zin.
 16640 | D:7      | Gained mutation: You passively map the area around you.
                  | [Deep Dwarf growth]
 16640 | D:7      | Reached XP level 9. HP: 37/74 MP: 3/12
 16641 | D:7      | Reached skill level 1 in Conjurations
 16739 | D:8      | Learned a level 1 spell: Magic Dart
 16873 | D:8      | Reached skill level 1 in Poison Magic
 17450 | D:8      | Found a staircase to the Lair.
 17633 | D:8      | Reached ** piety under Makhleb
 17634 | D:8      | Reached skill level 5 in Invocations
 17705 | D:8      | Noticed Maggie
 17714 | D:8      | Noticed a two-headed ogre
 17744 | D:8      | Killed a two-headed ogre
 17940 | D:8      | Reached skill level 5 in Dodging
 17961 | D:8      | Noticed Psyche
 18062 | D:8      | Noticed Pikel
 18218 | D:8      | Noticed a cyclops
 18247 | D:8      | Killed a cyclops
 18248 | D:8      | Reached skill level 5 in Long Blades
 18248 | D:8      | Reached XP level 10. HP: 75/85 MP: 1/15
 18513 | D:8      | Killed Pikel
 18823 | D:8      | Killed Maggie
 19038 | D:8      | Killed Psyche
 19518 | D:8      | Noticed a deep elf pyromancer
 19524 | D:8      | Killed a deep elf pyromancer
 19833 | Lair:1   | Entered Level 1 of the Lair of Beasts
 19932 | Lair:1   | Noticed a five-headed hydra
 20378 | D:9      | Found Buraup's Magic Scroll Shoppe.
 20386 | D:9      | Bought a scroll of enchant armour for 97 gold pieces
 20386 | D:9      | Bought a scroll of identify for 26 gold pieces
 20386 | D:9      | Bought a scroll of blinking for 97 gold pieces
 20599 | D:9      | Found a runed translucent door.
 20605 | D:9      | Found the +10 tower shield of Ignorance {rN+ Int-4}
 20612 | D:9      | Found a runed translucent door.
 20620 | D:9      | Noticed an orange crystal statue
 20773 | D:9      | Learned a level 2 spell: Passwall
 20841 | D:9      | Reached *** piety under Makhleb
 20969 | D:9      | Found a broken altar of Ashenzari.
 21508 | D:10     | Entered Level 10 of the Dungeon
 21514 | D:10     | Noticed a centaur warrior
 21697 | D:10     | Reached skill level 10 in Long Blades
 21907 | D:10     | Killed a centaur warrior
 21908 | D:10     | Reached XP level 11. HP: 43/91 MP: 1/15
 22246 | D:10     | Noticed a two-headed ogre
 22269 | D:10     | Killed a two-headed ogre
 22477 | D:10     | Noticed an orc knight
 22489 | D:10     | Killed an orc knight
 23081 | D:10     | Noticed a wizard
 23095 | D:10     | Killed a wizard
 24172 | D:10     | Noticed Maurice
 24175 | D:10     | Noticed Maurice
 24175 | D:10     | Maurice changed into Maurice the blink frog
 24186 | D:10     | Killed Maurice the blink frog
 24426 | D:11     | Noticed a red ugly thing
 24494 | D:11     | Noticed a boulder beetle
 24494 | D:11     | Noticed a two-headed ogre
 24636 | D:10     | Killed a two-headed ogre
 25876 | Lair:2   | Noticed a bog body
 25888 | Lair:2   | Killed a bog body
 25888 | Lair:2   | Reached **** piety under Makhleb
 25889 | Lair:2   | Reached XP level 12. HP: 65/99 MP: 12/16
 26305 | Lair:2   | Noticed Urug
 26316 | Lair:2   | Killed Urug
 27354 | Lair:2   | Acquired a book of Unlife
 27515 | Lair:2   | Reached skill level 10 in Necromancy
 27586 | Lair:2   | Found a staircase to the Swamp.
 27777 | Lair:2   | Noticed Gastronok
 27814 | Lair:2   | Killed Gastronok
 27815 | Lair:2   | Reached skill level 5 in Armour
 27822 | Lair:2   | Noticed an eight-headed hydra
 27834 | Lair:2   | Killed an eight-headed hydra
 28373 | Lair:3   | Found the +0 mask of the Dragon {Will+ Slay+3 SInv}
 28636 | Lair:3   | Learned a level 5 spell: Agony
 28667 | Lair:3   | Found a hole to the Spider Nest.
 28707 | Lair:3   | Reached skill level 5 in Spellcasting
 28736 | Lair:3   | Reached skill level 5 in Fighting
 29057 | Lair:3   | Found a runed translucent gate.
 29057 | Lair:3   | Found a runed translucent gate.
 29057 | Lair:3   | Found a runed translucent gate.
 29062 | Lair:3   | Noticed benappo's ghost (journeyman DjEE)
 29191 | Lair:3   | Noticed a four-headed hydra
 29203 | Lair:3   | Killed a four-headed hydra
 29438 | Lair:3   | Reached XP level 13. HP: 109/109 MP: 20/20
 30163 | Lair:4   | Noticed Snorg
 30474 | Lair:4   | Killed Snorg
 31657 | Lair:5   | Learned a level 5 spell: Borgnjor's Vile Clutch
 31706 | Lair:5   | Reached skill level 1 in Earth Magic
 32052 | Lair:6   | Entered Level 6 of the Lair of Beasts
 32799 | Lair:6   | Reached skill level 5 in Earth Magic
 32909 | Lair:6   | Reached ***** piety under Makhleb
 33740 | Lair:6   | Found a staircase to the Slime Pits.
 33740 | Lair:6   | Found a viscous altar of Jiyva.
 33765 | Lair:6   | Acquired the Compendium of the Hurtful Traveller
 34223 | Lair:6   | Found a snail-covered altar of Cheibriados.
 34574 | Lair:6   | Identified the +4 hand axe of Hisewo {vorpal, +Blink rF+
                  | Dex-5}
 35689 | D:11     | Gained mutation: You resist negative energy. (rN+) [Deep
                  | Dwarf growth]
 35689 | D:11     | Reached XP level 14. HP: 86/120 MP: 2/22
 36129 | D:11     | Found a staircase to the Orcish Mines.
 36742 | D:11     | Found a hide-covered altar of Uskayaw.
 37401 | Orc:1    | Entered Level 1 of the Orcish Mines
 37678 | Orc:1    | Noticed Fannar
 37684 | Orc:1    | Killed Fannar
 37961 | Orc:1    | Found Kyurraz's Weapon Shoppe.
 38804 | Orc:2    | Entered Level 2 of the Orcish Mines
 38810 | Orc:2    | Found Noobrou's Antique Armour Emporium.
 39450 | Orc:2    | Reached ****** piety under Makhleb
 40234 | Orc:2    | Reached skill level 10 in Earth Magic
 40316 | Orc:2    | Found Tofets's Antique Weapon Shoppe.
 40666 | Orc:2    | Learned a level 5 spell: Bolt of Magma
 40783 | Orc:2    | Noticed Azrael
 41117 | D:11     | Reached skill level 1 in Ice Magic
 41366 | D:12     | Identified the +0 leather armour of the Game Afoot {rPois
                  | MP+9 Dex+3}
 41666 | D:12     | Found a hazy altar of Hepliaklqana.
 41843 | D:12     | Reached skill level 5 in Conjurations
 43794 | D:14     | Noticed Rupert
 43801 | D:14     | Killed Rupert
 43802 | D:14     | Reached XP level 15. HP: 81/127 MP: 0/25
 44028 | D:14     | Reached skill level 5 in Ice Magic
 44801 | D:14     | Found a gate to the Vaults.
 44962 | D:14     | Found a broken altar of Ashenzari.
 45071 | D:14     | Gained mutation: You sometimes lose the ability to read
                  | scrolls when taking damage. [a neqoxec]
 45942 | D:14     | Got the Incunabulum of Calling
 46095 | D:15     | Entered Level 15 of the Dungeon
 46598 | D:15     | Noticed Josephine
 46614 | D:14     | Killed Josephine
 46721 | D:15     | Reached skill level 1 in Fire Magic
 47680 | D:15     | Found a staircase to the Depths.
 49232 | Orc:2    | Killed Azrael
 49329 | Orc:2    | Reached skill level 5 in Fire Magic
 49855 | Orc:2    | Found a burning altar of Makhleb.
 50114 | Orc:2    | Found a staircase to the Elven Halls.
 50397 | Orc:2    | Found Mupraek's Jewellery Boutique.
 50425 | Orc:2    | Found Erphe's General Store.
 50433 | Orc:2    | Bought a scroll of acquirement for 884 gold pieces
 50433 | Orc:2    | Acquired a staff of earth
 50534 | Orc:2    | Lost mutation: You sometimes lose the ability to read
                  | scrolls when taking damage. [potion of mutation]
 50534 | Orc:2    | Gained mutation: Your spells are a little easier to cast,
                  | but a little less powerful. [potion of mutation]
 50534 | Orc:2    | Gained mutation: You are partially covered in iridescent
                  | scales. (AC +2) [potion of mutation]
 50534 | Orc:2    | Gained mutation: You are mostly covered in iridescent
                  | scales. (AC +4) [potion of mutation]
 50534 | Orc:2    | Gained mutation: You passively map a large area around you.
                  | [potion of mutation]
 50750 | D:7      | Killed diceflayer's ghost
 51206 | Lair:3   | Killed benappo's ghost
 51591 | Orc:2    | Bought a ring of poison resistance for 300 gold pieces
 51773 | Swamp:1  | Entered Level 1 of the Swamp
 52450 | Swamp:1  | Reached skill level 10 in Invocations
 52973 | Swamp:1  | Noticed a tentacled monstrosity
 52992 | Swamp:1  | Killed a tentacled monstrosity
 53347 | Swamp:1  | Reached XP level 16. HP: 74/135 MP: 10/26
 53726 | Swamp:1  | Paralysed by a hornet for 2 turns
 54478 | Swamp:1  | Learned a level 2 spell: Blink
 54790 | Swamp:2  | Reached skill level 1 in Translocations
 59816 | Swamp:4  | Entered Level 4 of the Swamp
 60024 | Swamp:4  | Noticed a tentacled monstrosity
 60214 | Swamp:4  | Reached skill level 5 in Translocations
 60306 | Swamp:4  | Killed a tentacled monstrosity
 60423 | Swamp:4  | Noticed a thorn hunter
 62757 | Swamp:4  | Killed a thorn hunter
 63010 | Swamp:4  | Noticed a thorn hunter
 64350 | Swamp:3  | Killed a thorn hunter
 65926 | Swamp:4  | Got a decaying rune of Zot
 67433 | Lair:5   | Learned a level 6 spell: Death Channel
 67435 | Lair:5   | Learned a level 1 spell: Apportation
 67490 | Spider:1 | Entered Level 1 of the Spider Nest
 67503 | Spider:1 | Reached XP level 17. HP: 98/141 MP: 8/29
 68532 | Lair:3   | Reached skill level 10 in Spellcasting
 68867 | Lair:3   | Learned a level 4 spell: Iskenderun's Mystic Blast
 69175 | Spider:2 | Identified the +6 quarterstaff "Nurgh" {protect, rC+ Str+2
                  | Dex-5}
 71840 | Spider:3 | Noticed Arachne
 71858 | Spider:3 | Killed Arachne
 73356 | Spider:4 | Entered Level 4 of the Spider Nest
 76046 | Spider:4 | Got a gossamer rune of Zot
 76101 | Spider:4 | Mutation became permanent: You passively map the area
                  | around you. [Deep Dwarf growth]
 76101 | Spider:4 | Gained mutation: You passively map a large area around you.
                  | [Deep Dwarf growth]
 76101 | Spider:4 | Reached XP level 18. HP: 152/152 MP: 13/33
 76868 | D:8      | Learned a level 6 spell: Iron Shot
 76992 | Vaults:1 | Entered Level 1 of the Vaults
 78994 | D:14     | Upgraded the game from 0.27.1-4-g1640c2035a to
                  | 0.27.1-15-g792fb953b9
 79088 | Orc:2    | Bought the ring of Ziycum {rF++ rN++ Str+6 Int-2} for 1339
                  | gold pieces
 79106 | Orc:2    | Learned a level 5 spell: Manifold Assault
 80880 | Vaults:1 | Reached skill level 10 in Dodging
 82122 | Vaults:1 | Noticed Saint Roka
 82341 | Vaults:1 | Killed Saint Roka
 82657 | Vaults:2 | Noticed Boris
 84958 | Vaults:2 | Reached skill level 10 in Armour
 85190 | Vaults:2 | You fall into a shaft and drop 2 floors!
 85270 | Vaults:4 | Reached XP level 19. HP: 147/163 MP: 12/35
 86985 | Vaults:2 | Noticed Bai Suzhen
 88792 | Vaults:2 | Found a staircase to the Crypt.
 88792 | Vaults:2 | Found an ancient bone altar of Kikubaaqudgha.
 88793 | Vaults:2 | Found a basalt altar of Yredelemnul.
 93803 | Vaults:3 | Reached skill level 10 in Fighting
 95441 | Vaults:4 | Reached XP level 20. HP: 176/176 MP: 32/37
 97141 | Vaults:4 | Found a transporter.
 97475 | Vaults:4 | Found a transporter.
 98098 | Vaults:4 | Identified the +0 cloak of Eddoduwu {Will++}
 98494 | Elf:1    | Entered Level 1 of the Elven Halls
 99215 | Elf:1    | Found Yruceoc's Firing Range.
100582 | Elf:1    | Found Ephoison's Antique Weapon Shoppe.
100959 | Elf:2    | Identified Roxanne's Almanac of Stones
100959 | Elf:2    | Noticed Roxanne
101890 | Elf:2    | Paralysed by an air elemental for 1 turns
102771 | Elf:2    | Killed Roxanne
103060 | Elf:2    | Found a runed translucent gate.
103060 | Elf:2    | Found a runed translucent gate.
103060 | Elf:2    | Found a runed translucent gate.
103209 | Elf:2    | Reached skill level 5 in Shields
103554 | Elf:2    | Noticed Jorgrun
103629 | Elf:2    | Killed Jorgrun
104129 | Elf:3    | Entered Level 3 of the Elven Halls
104921 | Elf:3    | Learned a level 6 spell: Death Channel
106632 | Elf:3    | Reached skill level 1 in Evocations
107146 | Elf:3    | Reached XP level 21. HP: 161/189 MP: 29/38
107474 | Elf:3    | Reached skill level 15 in Spellcasting
107708 | Elf:3    | Identified the +1 leather armour of Terror {+Inv rF+ rN+}
108879 | Elf:3    | Identified the +3 plate armour "Menunub" {rElec}
108882 | Elf:3    | Noticed Donald
108893 | Elf:3    | Killed Donald
109257 | Elf:1    | Bought a fine falchion for 248 gold pieces
109257 | Elf:1    | Identified the +8 falchion of Hacking and Slashing {vamp,
                  | rC+} (You bought it in a shop on level 1 of the Elven
                  | Halls)
109762 | Depths:1 | Entered Level 1 of the Depths
110337 | Depths:1 | Reached skill level 5 in Stealth
110778 | Depths:1 | Reached skill level 5 in Evocations
111000 | Depths:1 | Acquired the amulet of the Barnacle {Acrobat +Inv rF+}
112481 | Depths:1 | Found a gateway to Hell.
112980 | Depths:1 | Found a one-way gate to the infinite horrors of the Abyss.
114391 | Depths:2 | Noticed a caustic shrike
114398 | Depths:2 | Noticed a caustic shrike
114404 | Depths:2 | Noticed a caustic shrike
114616 | Depths:1 | Killed a caustic shrike
114630 | Depths:1 | Killed a caustic shrike
114631 | Depths:1 | Reached skill level 15 in Earth Magic
114631 | Depths:1 | Reached XP level 22. HP: 78/201 MP: 10/40
114643 | Depths:1 | Killed a caustic shrike
114901 | Depths:1 | Reached skill level 10 in Translocations
115686 | Depths:1 | Succumbed to a green very ugly thing's poison

Illustrated notes

Levels and vault maps discovered:
D:1:      wander_arrival_fairy_ring, layout_basic, minmay_unequal
D:2:      layout_loops_ring, shapermc_ecumenical_altar_petra,
          chequers_serial_rivers_micro_d, uniq_sigmund
D:3:      layout_loops_ring, mainiacjoe_overflow_tiny_flanked, uniq_jessica
D:4:      layout_basic, cheibriados_altar_1, temple_green,
          gup_sewer_entry_bubbles, serial_bayou_pond_d
D:5:      layout_layer_cave
D:6:      layout_basic
D:7:      layout_cave_pools, zin_treasury, gammafunk_ghost_hive,
          hangedman_glass_teeth
D:8:      minmay_imperfect_grid, layout_rooms, uniq_maggie, uniq_pikel,
          uniq_psyche
D:9:      layout_loops_corners, evilmike_ruin_ashenzari, serial_shops,
          shop_scrolls, corner_web_ring, chequers_guarded_unrand_ignorance
D:10:     kennysheep_spiral_hall, layout_long_grid, lightli_wizard_tower,
          uniq_maurice
D:11:     layout_basic, minmay_orc_entry_temple_small, gauntlet_entry_generic,
          nrook_loot_triangle, minmay_stone_trees_medium,
          nicolae_uskayaw_murder_on_the_dancefloor
D:12:     layout_cave_pools, worldfamousw_hep_ancestral_shrine
D:13:     layout_roguey
D:14:     layout_stronghold, david_vaults_2, lemuel_crystal_altar, uniq_rupert
D:15:     grunt_enter_depths_magical_seal, layout_irregular_city, uniq_josephine
Temple:   compressed_dpeg_circular_temple
Lair:1:   layout_regular_city, lemuel_fruit_fields
Lair:2:   layout_loops_ring, nicolae_swamp_entry_splash_gauntlet,
          grunt_megastairs_1, uniq_gastronok, uniq_urug
Lair:3:   layout_chaotic_city, nicolae_spider_entry_non_spiders,
          gammafunk_ghost_necromancy, wad_woods_06, lemuel_fruit_fields
Lair:4:   layout_roguey, uniq_snorg
Lair:5:   layout_long_grid
Lair:6:   minmay_lair_end_frog_pond, layout_gridlike, slime_altar_1,
          serial_forest, infiniplex_forest_end_2, infiniplex_forest_end_3,
          infiniplex_forest_straight_4, infiniplex_forest_lined_ring,
          infiniplex_forest_clump_tiny, infiniplex_forest_clump_medium,
          infiniplex_forest_clump_medium, minivault_25, kennysheep_snail_temple
Swamp:1:  layout_falls_marsh, infiniplex_staircase_pool_2,
          nicolae_swamp_fairy_circle
Swamp:2:  layout_basic_swamp, nicolae_swamp_dense_foliage, swamp_pool4
Swamp:3:  layout_basic_swamp, evilmike_swamp_ruin_rubble_2, swamp_pool1
Swamp:4:  swamp, layout_basic_swamp, swamp_pool5
Spider:1: layout_spider_delve
Spider:2: layout_chambers, nicolae_spider_not_touching_you,
          nicolae_spider_cling_halls
Spider:3: layout_spider_delve, hangedman_spider_tarantella_strand, uniq_arachne
Spider:4: grunt_spider_rune_island
Orc:1:    layout_diamond_mine, serial_shops, shop, uniq_fannar
Orc:2:    grunt_orc_gardens, layout_caves, grunt_orc_garden, grunt_orc_garden,
          grunt_orc_garden, grunt_orc_garden, lemuel_statue_altar, uniq_azrael
Elf:1:    nicolae_elf_arrival_fired_up, layout_onion_city, serial_shops,
          nicolae_shop_overgrown_old_shop, nicolae_shop_firing_range
Elf:2:    nicolae_elf_blades_splatter_lattice [nooodl_blade_entry_preview],
          layout_gridlike, uniq_jorgrun, uniq_louise, uniq_roxanne
Elf:3:    minmay_elf_hall_hex, layout_loops_corners, uniq_donald
Vaults:1: hangedman_vaults_slither, vaults_room_fours,
          nicolae_vaults_diagonal_hallway_7, nicolae_vaults_inception_network,
          nicolae_vaults_angled_halls, v_misc_12, ontoclasm_vaults_ring_square,
          nicolae_vaults_network_star, ontoclasm_vaults_gateway,
          vaults_room_fours, nicolae_vaults_shelves_hall,
          vaults_mumra_minichess_inversion, layout_vaults_omnibox,
          uniq_saint_roka
Vaults:2: v_rooms_3, vaults_room_hallway, hangedman_vaults_stretched_pinwheel,
          minmay_crypt_entry_necro_gods, nicolae_vaults_yaktaur_gun_rack,
          layout_vaults_omnigrid, uniq_boris, uniq_bai_suzhen
Vaults:3: vaults_room_grid, vaults_room_glass_cross, v_pattern_5,
          nicolae_vaults_specimen_jars, v_rooms_4, hangedman_vaults_slice,
          v_alt_pattern_4, v_misc_33, nicolae_vaults_network_quinsquares
          [nicolae_vaults_network_quincunx_subvault,
          nicolae_vaults_network_quincunx_subvault,
          nicolae_vaults_network_quincunx_subvault,
          nicolae_vaults_network_quincunx_subvault], v_misc_13,
          vaults_room_door_ring, layout_vaults_maze_bifur
Vaults:4: nicolae_vaults_rhombus_7, v_rooms_2, gammafunk_the_bubble
          [the_bubble_gammafunk_split], nicolae_vaults_network_square,
          v_pattern_1, nicolae_vaults_little_squares_6,
          layout_vaults_chaotic_city
Depths:1: layout_cave_shapes, abyss_entry_small_statue_room,
          pf_hell_entry_tar_river, hangedman_abyss_or_decor_clamps,
          minmay_misc_feat_rugged, nooodl_orcs_dogs
Depths:2: grunt_x_marks_the_spot, layout_gridlike, hell_entry,
          hangedman_abyss_entry_splay, uniq_aizul

Skill      XL: |  1  2  3  4  5  6  7  8  9 10 11 12 13 14 15 16 17 18 19 20 21 22 |
---------------+-------------------------------------------------------------------+-----
Spellcasting   | 2 5 6 7 9 12 13 14 15 | 15.3
Stealth        | 3 7 |  7.8
Necromancy     | 5 6 8 9 10 11 | 11.9
Fighting       | 1 2 3 5 6 7 8 10 11 12 | 12.9
Dodging        | 3 4 5 6 7 8 9 10 12 13 14 | 14.0
Shields        | 1 3 4 5 7 |  7.7
Long Blades    | 3 5 10 13 14 | 14.0
Invocations    | 4 6 7 11 14 | 14.1
Armour         | 2 3 5 6 7 8 10 11 12 13 | 13.6
Conjurations   | 2 5 7 8 |  8.0
Poison Magic   | 2 |  2.2
Earth Magic    | 8 11 12 13 14 15 | 15.0
Ice Magic      | 4 6 |  6.0
Fire Magic     | 5 |  5.0
Translocations | 7 8 9 10 | 10.0
Evocations     | 1 6 |  6.3

Action                   |  1- 3 |  4- 6 |  7- 9 | 10-12 | 13-15 | 16-18 | 19-21 | 22-24 || total
-------------------------+-------+-------+-------+-------+-------+-------+-------+-------++-------
Melee: Unarmed           |    12 |       |       |       |       |       |       |       ||    12
       Long sword        |    18 |    16 |       |       |       |       |       |       ||    34
       Demon blade       |       |     8 |   102 |   360 |   702 |   814 |  1184 |    12 ||  3182
       Scimitar          |       |       |       |       |     7 |    49 |       |       ||    56
       Staff             |       |       |       |       |       |    43 |       |       ||    43
       Falchion          |       |       |       |       |       |       |    41 |    17 ||    58
Throw: Dart              |       |     1 |       |       |     1 |       |       |       ||     2
 Cast: Pain              |    56 |   110 |   110 |    93 |   100 |    14 |       |       ||   483
       Animate Skeleton  |     7 |     9 |     7 |       |       |       |       |       ||    23
       Vampiric Draining |    18 |    24 |    59 |    90 |    68 |   164 |   147 |    16 ||   586
       Magic Dart        |       |       |    15 |    36 |    42 |       |       |       ||    93
       Animate Dead      |       |       |     2 |    11 |    31 |    25 |    19 |       ||    88
       Mephitic Cloud    |       |       |     1 |     9 |    15 |       |     5 |       ||    30
       Passwall          |       |       |       |     2 |     1 |     4 |     3 |       ||    10
       Borgnjor's Vile C |       |       |       |       |   155 |   188 |   155 |     1 ||   499
       Bolt of Magma     |       |       |       |       |    60 |   165 |    24 |       ||   249
       Agony             |       |       |       |       |     8 |     9 |       |       ||    17
       Blink             |       |       |       |       |       |     6 |     5 |       ||    11
       Death Channel     |       |       |       |       |       |     5 |     6 |       ||    11
       Apportation       |       |       |       |       |       |     7 |     1 |       ||     8
       Iskenderun's Myst |       |       |       |       |       |     6 |       |       ||     6
       Manifold Assault  |       |       |       |       |       |    46 |   165 |     1 ||   212
       Iron Shot         |       |       |       |       |       |    33 |   162 |       ||   195
Invok: Minor Destruction |       |       |     2 |     6 |     3 |     2 |       |       ||    13
       Lesser Servant of |       |       |       |     5 |     6 |     4 |     4 |       ||    19
       Major Destruction |       |       |       |       |     5 |     5 |       |       ||    10
       Greater Servant o |       |       |       |       |       |     4 |     8 |       ||    12
 Abil: Heal Wounds       |       |       |       |     1 |     1 |       |       |       ||     2
Evoke: Wand              |       |       |       |     1 |     3 |     2 |     5 |       ||    11
       Phantom mirror    |       |       |       |       |       |     1 |       |       ||     1
  Use: Scroll            |       |    17 |     7 |    12 |     8 |    10 |    12 |       ||    66
       Potion            |       |       |     1 |       |     5 |    13 |    10 |     2 ||    31
 Stab: Sleeping          |     1 |     2 |     2 |     8 |     5 |     2 |     7 |       ||    27
       Petrifying        |       |       |       |       |     1 |       |       |       ||     1
       Confused          |       |       |       |       |     3 |       |     1 |       ||     4
       Distracted        |       |       |       |       |     1 |     4 |     5 |       ||    10
Armor: Robe              |    22 |    28 |     4 |       |       |       |       |       ||    54
       Leather armour    |       |       |    86 |     4 |       |       |       |       ||    90
       Acid dragon scale |       |       |       |   129 |   291 |   745 |   367 |    23 ||  1555
Dodge: Dodged            |    60 |    45 |   103 |   187 |   405 |   744 |   518 |    45 ||  2107
Block: Buckler           |       |    23 |    77 |   146 |   261 |   468 |   325 |    28 ||  1328
       Reflection        |       |     2 |     7 |     9 |    25 |    29 |    58 |     1 ||   131
       Rpst.: Long sword |     5 |    14 |       |       |       |       |       |       ||    19
       Demon blade       |       |       |    31 |    38 |    94 |   133 |   104 |     3 ||   403
       Scimitar          |       |       |       |       |       |    11 |       |       ||    11
       Falchion          |       |       |       |       |       |       |     2 |     6 ||     8
